 Dungeon Crawl Stone Soup version 0.31.0-32-g396128a36d (webtiles) character file.

Game seed: 17547638518749065973

55 H0rd4k the Charlatan (level 3, 0/23 HPs)
             Began as an Octopode Artificer on Apr 23, 2024.
             Slain by a hobgoblin (4 damage)
             ... led by Robin
             ... on level 1 of the Dungeon.
             The game lasted 00:01:03 (794 turns).

H0rd4k the Charlatan (Octopode Artificer)            Turns: 794, Time: 00:01:04

Health: 0/23       AC:  1    Str: 11    XL:     3   Next: 93%
Magic:  3/3        EV: 13    Int: 15    God:
Gold:   19         SH:  0    Dex: 12    Spells: 2/2 levels left

rFire   . .          .
                       - Unarmed
rCold   . . .        (no shield)
rNeg    . . .        (helmet restricted)
rPois   .            (no amulet)
rElec   .            (no ring)
rCorr   .            (no ring)
SInv    .            (no ring)
Will    .....        (no ring)
Stlth   +++          (no ring)
HPRegen 0.23/turn    (no ring)
MPRegen 0.08/turn    (no ring)
                     (no ring)

%: no passive effects
@: no status effects
A: almost no armour, amphibious, 8 rings, camouflage 1, gelatinous body 1,
(nimble swimmer 1), tentacles
a: no special abilities


You were on level 1 of the Dungeon.
You visited 1 branch of the dungeon, and saw 2 of its levels.

You collected 19 gold pieces.

Inventory:

Missiles
 h - 2 throwing nets
Wands
 b - a wand of flame (39) (quivered)
 c - a wand of charming (14)
 d - a wand of iceblast (5)
Scrolls
 g - a scroll of noise {unknown}
Potions
 a - a potion of invisibility {unknown}
 e - 2 potions of degeneration {unknown}
 f - a potion of resistance {unknown}


   Skills:
 + Level 1.6 Fighting
 - Level 2.3 Dodging
 - Level 1.3 Stealth
 + Level 3.1 Unarmed Combat
 - Level 3.2 Evocations


You had 2 spell levels left.
You didn't know any spells.
Your spell library was empty.

Dungeon Overview and Level Annotations

Branches:
Dungeon (2/15)

Altars:

Shops:
D:1 (

Annotations:
D:1 exclusion: downstairs
D:2 Robin


Innate Abilities, Weirdness & Mutations

You cannot wear most types of armour.
You are amphibious.
You can wear up to eight rings at the same time.
Your skin changes colour to match your surroundings (Stealth+).
Your rubbery body absorbs attacks. (AC +1, EV +1)
((You are camouflaged when in or above water. (Stealth+)))
You have tentacles for arms and can constrict up to eight enemies at once.


Message History

The goblin misses you. x2; The hobgoblin hits you.
The goblin hits you with a +0 dagger.
You closely miss the goblin. You grab the goblin.
The goblin is almost dead.
You constrict the goblin.
You kill the goblin!
The goblin barely misses you. The goblin misses you. The hobgoblin hits you.
You barely miss the hobgoblin. Your grab misses the hobgoblin.
The hobgoblin is moderately wounded.
The goblin hits you with a +0 club. x2; The hobgoblin closely misses you.
The goblin hits you with a +0 dagger.
You are too injured to fight recklessly!
You are too injured to fight recklessly!
The goblin hits you with a +0 club. x2
* * * LOW HITPOINT WARNING * * *
The hobgoblin completely misses you. The goblin hits you with a +0 dagger.
* * * LOW HITPOINT WARNING * * *
You climb upwards.
Level annotation: exclusion: downstairs
There is a stone staircase leading down here.
The goblin closely misses you.
The hobgoblin attacks as it pursues you!
The hobgoblin misses you.
Things that are here:
a +0 club; a gnoll corpse The goblin attacks as it pursues you!
The goblin misses you.
There is an escape hatch in the floor here.
You tentacle-slap the goblin. Your grab misses the goblin.
Your squeeze misses the goblin.
The goblin is severely wounded.
The goblin hits you with a +0 club.
* * * LOW HITPOINT WARNING * * *
You barely miss the goblin. You grab the goblin.
The goblin is severely wounded.
You constrict the goblin.
You kill the goblin!
You barely miss the hobgoblin. Your grab misses the hobgoblin.
The hobgoblin is lightly wounded.
The hobgoblin hits you.
You die...

....###.#....#.....####......##..
........#....#####.#####.[...##..
..........##..........##.....##..
.....##.###......................
#..####.###..>.#####...........⌠.
#.## #...#...)##....##..........
..# #####....gg.######.....####
.## #....#g## #.....#### ##
#....#@# #.....##.. # #....#.###
##....##..
######...#######...####
###.>).......## ############


You could see a hobgoblin and 2 goblins.

Vanquished Creatures
  2 gnolls
  7 bats
  2 endoplasms (D:1)
  2 giant cockroaches (D:1)
  8 goblins
  A hobgoblin (D:2)
  2 kobolds (D:1)
  2 quokkas (D:1)
  3 ball pythons (D:1)
  4 rats (D:1)
33 creatures vanquished.

Notes
Turn   | Place    | Note
-------+----------+-------------------------------------------
     0 | D:1      | H0rd4k the Octopode Artificer began the quest for the Orb.
     0 | D:1      | Reached XP level 1. HP: 13/13 MP: 1/1
    37 | D:1      | Reached skill level 1 in Unarmed Combat
    76 | D:1      | Reached XP level 2. HP: 12/18 MP: 2/2
   446 | D:1      | Reached XP level 3. HP: 22/23 MP: 3/3
   588 | D:1      | Found Quoneent's Weapon Shoppe.
   684 | D:2      | Noticed Robin
   794 | D:1      | Slain by a hobgoblin

Illustrated notes

Levels and vault maps discovered:
D:1:      dpeg_arrival_rooms_a, layout_rooms, serial_shops,
          nicolae_shop_statue_plus, minmay_cut_off
D:2:      layout_basic, uniq_robin, uniq_jessica

Skill      XL: |  1  2  3 |
---------------+----------+-----
Unarmed Combat | 1 2 3 |  3.1
Fighting       | |  1.6
Dodging        | |  2.3
Stealth        | |  1.3
Evocations     | |  3.2

Action                     || total
---------------------------++-------
  Melee: Unarmed           ||    89
         Constrict         ||    27
         Tentacles         ||    10
  Evoke: Wand              ||     1
   Stab: Sleeping          ||     7
         Distracted        ||     1
 Armour: Skin              ||    62
  Dodge: Dodged            ||    73
